 Dungeon Crawl Stone Soup version 0.27.0-1-g7a089689b8 (webtiles) character file.

Game seed: 8559628861079320361

130 nicksoapdish the Scratcher (level 4, -8/19 HPs)
             Began as a Felid Transmuter on Aug 3, 2021.
             Engulfed by a steam dragon's steam (9 damage)
             ... on level 3 of the Dungeon.
             The game lasted 00:08:20 (3107 turns).

nicksoapdish the Scratcher (Felid Transmuter)       Turns: 3107, Time: 00:08:21

Health: -8/19      AC:  1    Str:  6    XL:     4   Next: 89%
Magic:  9/9        EV: 17    Int: 15    God:
Gold:   124        SH:  0    Dex: 17    Spells: 6/9 levels left
                                        Lives:  0   Deaths: 1

rFire    . . .     SeeInvis +     - Unarmed
rCold    . . .     Faith    .   (shield unavailable)
rNeg     . . .     Spirit   .   (armour unavailable)
rPois    +         Reflect  .   (helmet unavailable)
rElec    .         Harm     .   (cloak unavailable)
rCorr    .         Rampage  .   (gloves unavailable)
Will     .....                  (boots unavailable)
Stlth    ++........             c - amulet of magic regeneration
HPRegen  0.06/turn              j - ring of poison resistance
MPRegen  0.36/turn              i - +4 ring of slaying

@: appendages, quick
A: horns 2, very small, claws 1, fangs 3, see invisible, speed 1, shaggy fur 1,
stealthy paws, no weapons or thrown items, no armour, multi-lived
a: End Transformation


You were on level 3 of the Dungeon.
You had temporarily grown beastly horns.
You visited 1 branch of the dungeon, and saw 3 of its levels.

You collected 124 gold pieces.

Inventory:

Jewellery
 c - an amulet of magic regeneration (around neck)
 g - a ring of ice
 i - a +4 ring of slaying (right paw)
 j - a ring of poison resistance (left paw)
Scrolls
 b - 3 scrolls of teleportation
 d - a scroll of enchant weapon {unknown}
 f - a scroll of vulnerability {unknown}
Potions
 a - a potion of attraction {unknown}
 e - a potion of lignification {unknown}
 h - a potion of curing {unknown}


   Skills:
 - Level 1.0 Fighting
 - Level 2.6 Dodging
 * Level 2.9 Stealth
 + Level 4.2 Unarmed Combat
 + Level 3.0 Spellcasting
 * Level 4.0 Transmutations


You had 6 spell levels left.
You knew the following spells:

 Your Spells              Type           Power      Damage    Failure   Level
a - Beastly Appendage     Tmut           28%        N/A       3%          1
b - Wereblood             Tmut           14%        N/A       5%          2

Your spell library contained the following spells:

 Spells                   Type           Power      Damage    Failure   Level
 Animate Skeleton         Necr           4%         N/A       21%         1
 Pain                     Necr           8%         1d4       21%         1
 Spider Form              Tmut/Pois      4%         N/A       26%         3
 Vampiric Draining        Necr           1%         2d6       52%         3
 Ice Form                 Ice/Tmut       8%         N/A       65%         4


Dungeon Overview and Level Annotations

Branches:
Dungeon (3/15)

Altars:

Shops:
D:2 *=?*[


Innate Abilities, Weirdness & Mutations

You have temporarily grown beastly horns.
You have sharp claws.
You have razor-sharp teeth.
You have supernaturally acute eyesight. (SInv)
You cover ground quickly. (Speed+)
You are covered in fur. (AC +1)
Your paws help you pounce on unaware monsters.
You are incapable of wielding weapons or throwing items.
You cannot wear armour.
You gain extra lives every three experience levels.


Message History

The gnoll hits you from afar with a +0 spear!
You scratch the gnoll.
You feel a bit better.
You kill the gnoll!
Your transformation is almost over.
The gnoll closely misses you.
You howl as the wereblood boils in your veins!
You howl as the wereblood boils in your veins!
Your horns disappear.
Your primal bloodlust is almost over.
Your primal bloodlust has ended.
You start resting.
A steam dragon is nearby!
Okay, then.
You're wearing all the rings you can.
Remove which one? (? for menu, Esc to cancel) < or
g - a ring of ice; > or
i - a +4 ring of slaying You remove your ring of ice.
j - a ring of poison resistance (left paw)
Casting: Wereblood (safe; 5% risk of failure)
Confirm with . or Enter, or press ? or * to list all spells.
You grow a pair of large bovine horns.
The steam dragon hisses angrily.
You scratch the steam dragon. Your headbutt misses the steam dragon.
The steam dragon is lightly wounded.
The steam dragon barely misses you. The steam dragon closely misses you.
You barely miss the steam dragon. Your bite misses the steam dragon.
The steam dragon is lightly wounded.
The steam dragon breathes steam at you. The ball of steam misses you.
You scratch the steam dragon. Your bite misses the steam dragon.
The steam dragon is moderately wounded.
You are engulfed in a cloud of scalding steam.
Ouch! That really hurt!
* * * LOW HITPOINT WARNING * * *
The steam dragon completely misses you. The steam dragon claws you.
* * * LOW HITPOINT WARNING * * *
You barely miss the steam dragon. You bite the steam dragon.
The steam dragon is moderately wounded.
You are engulfed in a cloud of scalding steam.
You die...

.####...#'##...#.#.###.....#.#.#.
##).....)..##..#.#.# #.###.#.#...
.####...####...#.#.# #.# #.#.#...
..#.##.##.#..#.#.#.###.# #.#.#.#.
#....#.#.......#.#.....# #.#.#.#.
###.##.##..###.#.#########.#.#.#.
#..###.....#.............#.#...
##..#...####.#############.#.#.
##......##...D@ยงยง..............
#..#######>#.#############.#.#.
#.## #.#......... #..... #.#
#.#.>....... #.#.#.
###.########.#.#############.#.#.
.............................#.#.
......######.##.....##########+#.
).....# #.#..###.# #.....
......## #.#..# #.# #.....


You could see a steam dragon.

Vanquished Creatures
  A necrophage (D:3)
  An iguana (D:3)
  3 gnolls
  2 worms
  A dart slug (D:1)
  2 orcs (D:3)
  8 ball pythons
  4 endoplasms
  A giant cockroach (D:3)
  4 goblins
  10 hobgoblins
  A jackal (D:3)
  4 kobolds
  A quokka (D:3)
  4 bats
  2 frilled lizards (D:2)
  5 rats
54 creatures vanquished.

Notes
Turn   | Place    | Note
-------+----------+-------------------------------------------
     0 | D:1      | nicksoapdish the Felid Transmuter began the quest for the
                  | Orb.
     0 | D:1      | Reached XP level 1. HP: 9/9 MP: 4/4
   211 | D:1      | Found a faded altar of an unknown god.
   402 | D:1      | Reached skill level 1 in Stealth
   402 | D:1      | Reached XP level 2. HP: 12/12 MP: 4/6
   499 | D:1      | Learned a level 2 spell: Wereblood
  1058 | D:1      | Reached XP level 3. HP: 2/15 MP: 7/7
  1551 | D:2      | Found Udghat's Magic Scroll Shop.
  1613 | D:2      | Found Wemuink's General Store.
  1628 | D:2      | Found Keclit's Jewellery Boutique.
  1640 | D:2      | Found Hoyhul's Assorted Antiques.
  1672 | D:2      | Found Efun's Armour Shoppe.
  2155 | D:3      | Noticed a necrophage
  2167 | D:3      | Killed a necrophage
  2168 | D:3      | Reached XP level 4. HP: 19/19 MP: 7/9
  2168 | D:3      | Reached XP level 5. HP: 22/22 MP: 7/10
  2600 | D:3      | Noticed a steam dragon
  2613 | D:3      | Killed from afar by a steam dragon
  2614 | D:3      | Reached XP level 4. HP: -17/19 MP: 9/9
  3107 | D:3      | Engulfed by a steam dragon's steam

Illustrated notes

Levels and vault maps discovered:
D:1:      enne_arrival_octagon_isle, layout_loops_corners,
          hellmonk_ecumenical_altar_slurped_away, minmay_misc_feat_diagonals,
          minmay_stone_trees_medium
D:2:      layout_rooms, serial_shops, shop, nicolae_shop_overgrown_old_shop,
          nicolae_shop_competitors_out_of_business,
          nicolae_shop_temple_entry_statues_fountains, shop
D:3:      layout_basic, hangedman_decor_peaks_small,
          minmay_fractal_squares_gapless_5

Skill      XL: |  1  2  3  4 |
---------------+-------------+-----
Stealth        | 1 2 |  2.9
Transmutations | 3 4 |  4.0
Unarmed Combat | 4 |  4.2
Spellcasting   | 3 |  3.0
Fighting       | |  1.0
Dodging        | |  2.6

Action                   |  1- 3 |  4- 6 || total
-------------------------+-------+-------++-------
Melee: Unarmed           |   100 |    56 ||   156
       Bite              |     9 |     8 ||    17
       Headbutt          |    13 |     8 ||    21
       Punch             |       |     1 ||     1
 Cast: Beastly Appendage |    27 |    13 ||    40
       Wereblood         |     5 |     3 ||     8
  Use: Scroll            |     3 |       ||     3
 Stab: Sleeping          |     2 |     1 ||     3
Armor: Skin              |     4 |     4 ||     8
Dodge: Dodged            |    75 |    33 ||   108
